 Dungeon Crawl Stone Soup version 0.31-a0-263-ge8cad7f256 (webtiles) character file.

Game seed: 10393285005781850856

70 qw the Shooter (level 4, 0/36 HPs)
             Began as a Minotaur Hexslinger on July 13, 2023.
             Slain by a cerulean imp
             ... wielding a +2 spear
             ... summoned by Natasha
              (5 damage)
             ... on level 2 of the Dungeon.
             The game lasted 00:00:36 (1426 turns).

qw the Shooter (Minotaur Hexslinger)                Turns: 1426, Time: 00:00:37

Health: 0/36       AC:  2    Str: 12 (13) XL:     4   Next: 4%
Magic:  4/4        EV: 12    Int:  7 (10) God:
Gold:   120        SH:  0    Dex: 13 (14) Spells: 4/5 levels left

rFire   . . .        Y - +1 sling
rCold   . . .        (no shield)
rNeg    . . .        c - +0 robe
rPois   .            (helmet restricted)
rElec   .            (no cloak)
rCorr   .            (no gloves)
SInv    .            (no boots)
Will    .....        (no amulet)
Stlth   +            (no ring)
HPRegen 0.26/turn    (no ring)
MPRegen 0.09/turn

%: no passive effects
@: slowed, very slow
A: horns 2, retaliatory headbutt
a: no special abilities


You were on level 2 of the Dungeon.
You visited 1 branch of the dungeon, and saw 2 of its levels.

You collected 120 gold pieces.


Innate Abilities, Weirdness & Mutations

You have a pair of horns on your head.
You reflexively headbutt those who attack you in melee.


   Skills:
 - Level 2.0 Fighting
 + Level 4.5 Ranged Weapons
 - Level 2.1 Dodging
 - Level 1.0 Spellcasting
 - Level 2.0 Hexes


You had 4 spell levels left.
You knew the following spells:

 Your Spells              Type           Power      Damage    Failure   Level
a - Slow                  Hex            12%        N/A       19%         1

Your spell library contained the following spells:

 Spells                   Type           Power      Damage    Failure   Level
 Inner Flame              Hex/Fire       1%         N/A       63%         3
 Portal Projectile        Hex/Tloc       2%         N/A       63%         3
 Cause Fear               Hex            1%         N/A       88%         4

Inventory:

Hand Weapons
 Y - a +1 sling (weapon)
Armour
 c - a +0 robe (worn)
Jewellery
 a - a ring of resist corrosion
Potions
 b - 2 potions of haste {unknown}
 d - a potion of enlightenment {unknown}

Dungeon Overview and Level Annotations

Branches:
Dungeon (2/15)

Altars:

Shops:
D:1 :

Annotations:
D:2 Natasha


Message History

Enter note:
Enter note: You shoot a sling bullet.
The sling bullet hits Natasha.
Natasha hisses angrily.
Natasha is moderately wounded.
Natasha stares at you and mumbles some strange words.
You feel yourself slow down.
You shoot a sling bullet. The sling bullet misses Natasha.
You shoot a sling bullet. The sling bullet barely misses Natasha.
You shoot a sling bullet.
The sling bullet hits Natasha but does no damage.
Natasha is moderately wounded.
Natasha claws you.
You shoot a sling bullet.
The sling bullet closely misses Natasha.
Natasha claws you.
You shoot a sling bullet.
The sling bullet closely misses Natasha.
Natasha claws you.
Natasha casts a spell.
You shoot a sling bullet.
The sling bullet closely misses Natasha.
Natasha completely misses you.
Natasha wildly gestures.
You feel troubled. Natasha barely misses you.
The cerulean imp hits you from afar with a +2 spear.
You shoot a sling bullet.
The sling bullet closely misses Natasha.
Natasha claws you!
The cerulean imp hits you from afar with a +2 spear.
Natasha barely misses you. You furiously retaliate!
You headbutt Natasha. You shoot a sling bullet.
The sling bullet closely misses Natasha.
The cerulean imp hits you from afar with a +2 spear.
Natasha claws you. The cerulean imp misses you. Natasha claws you!
You shoot a sling bullet. The sling bullet barely misses Natasha.
The cerulean imp barely misses you. Natasha claws you.
The cerulean imp hits you from afar with a +2 spear.
You die...

#########.#######.###
#.########..# ######
#........##.# #....#
########....# #.##)#
####.# #.##.# #.#
#.##.# #######.. #.#
#.##.# #.h5?.... #.#
#.##.# #@# #.# #.##.#
#.# ..# #.##.# #.# ##
#.##.###########.#
#.##.............#
#.################
..# ###


You could see Natasha and a cerulean imp (summoned).

Vanquished Creatures
  An adder (D:2)
  3 worms (D:2)
  A dart slug (D:1)
  3 ball pythons (D:1)
  4 bats
  4 endoplasms (D:1)
  3 goblins
  7 hobgoblins
  6 jackals (D:1)
  A quokka (D:2)
  3 frilled lizards
  6 kobolds
  2 rats
44 creatures vanquished.

Notes
Turn   | Place    | Note
-------+----------+-------------------------------------------
     0 | D:1      | qw the Minotaur Hexslinger began the quest for the Orb.
     0 | D:1      | Reached XP level 1. HP: 16/16 MP: 1/1
     0 | D:1      | 0 ||| qw: Version: 0.3-a-52-g30416fa
     0 | D:1      | 0 ||| qw: Game counter: 7325
     0 | D:1      | 0 ||| qw: Melee chars always use a shield: true
     0 | D:1      | 0 ||| qw: God list: Okawaru
     0 | D:1      | 0 ||| qw: Allow faded altars: false
     0 | D:1      | 0 ||| qw: Do Orc after clearing Dungeon:15 true
     0 | D:1      | 0 ||| qw: Do second Lair branch before Depths: true
     0 | D:1      | 0 ||| qw: Lair rune preference: random
     0 | D:1      | 0 ||| qw: Goals: Normal
     0 | D:1      | 0 ||| PLANNING D:1-11
   158 | D:1      | Reached skill level 3 in Ranged Weapons
   161 | D:1      | Reached XP level 2. HP: 19/23 MP: 2/2
   184 | D:1      | 184 ||| READING scroll labelled NECWEAKUDE.
   185 | D:1      | 185 ||| DROPPING scroll of poison.
   234 | D:1      | 234 ||| FLEEEEING.
   235 | D:1      | 235 ||| FLEEEEING.
   359 | D:1      | 359 ||| Stepping ~*~*~tactically~*~*~ (outnumbered).
   375 | D:1      | Reached XP level 3. HP: 29/29 MP: 3/3
   679 | D:1      | Found Iliahi Jyshra's Book Shoppe.
   707 | D:1      | 707 ||| READING scroll labelled COUTEU LOIS.
   708 | D:1      | 708 ||| DRINKING 2 fuming black potions.
   709 | D:1      | 709 ||| DROPPING potion of degeneration.
   777 | D:2      | Reached skill level 4 in Ranged Weapons
  1270 | D:2      | Reached XP level 4. HP: 36/36 MP: 4/4
  1416 | D:2      | Noticed Natasha
  1425 | D:2      | HP: 8/36 [Natasha (8)]
  1426 | D:2      | Slain by a cerulean imp

Levels and vault maps discovered:
D:1:      beargit_arrival_greenhouse, layout_loops_ring, serial_shops, shop,
          hex_large
D:2:      layout_loops_ring, wander_ebering_terrifying_dragon_lair,
          uniq_natasha, uniq_robin, uniq_crazy_yiuf_cottage

Skill      XL: |  1  2  3 |
---------------+----------+-----
Ranged Weapons | 3 4 |  4.5
Fighting       | 2 |  2.0
Dodging        | |  2.1
Spellcasting   | |  1.0
Hexes          | |  2.0

Action                     |  1- 3 |  4- 6 || total
---------------------------+-------+-------++-------
   Fire: Sling             |   148 |    18 ||   166
    Use: Scroll            |     2 |       ||     2
         Potion            |     1 |       ||     1
 Armour: Robe              |    14 |       ||    14
  Dodge: Dodged            |    38 |     7 ||    45

Table legend:
 A = Non-vault XP
 B = Vault XP
 C = Vault XP percentage of total XP
 D = Non-vault monster count
 E = Vault monster count
 F = Vault count percentage of total count
                 A         B        C        D         E       F
            +---------+---------+-------+---------+---------+-------
      Total |     100 |       1 |   1.0 |      43 |       1 |   2.3
            +---------+---------+-------+---------+---------+-------
        D:1 |      57 |       0 |   0.0 |      30 |       0 |   0.0
        D:2 |      43 |       1 |   2.3 |      13 |       1 |   7.1
            +---------+---------+-------+---------+---------+-------
